 Dungeon Sprint DCSS version 0.22.0-16-gc6d26f6 (webtiles) character file.

580 poirepourri the Peltast (level 10, -12/107 HPs)
             Began as a Minotaur Fighter on Aug 17, 2018.
             Was an Initiate of Gozag.
             Mangled by a white ugly thing (14 damage)
             ... in the Dungeon (Sprint VI: "Thunderdome").
             The game lasted 00:04:17 (1042 turns).

poirepourri the Peltast (Minotaur Fighter)          Turns: 1042, Time: 00:04:18

Health: -12/107    AC:  5    Str: 24    XL:     10   Next: 80%
Magic:  9/9        EV:  9    Int: 14    God:    Gozag
Gold:   407        SH: 18    Dex: 20    Spells: 9/9 levels left

rFire    . . .     SeeInvis .   a - +0 war axe
rCold    + . .     Gourm    .   d - +2 shield of the Skies Above {*Corrode Dex+3 Stlth+}
rNeg     . . .     Faith    .   b - +0 scale mail
rPois    .         Spirit   .   v - +0 hat of Darkness {rElec rC- Str+2 Dex+2} (curse)
rElec    +         Reflect  .   w - -2 cloak of the Grey Skies {+Fly rElec rC+} (curse)
rCorr    +         Harm     .   u - +1 pair of gloves of Jacinau {rC+}
MR       ++...     NoTele   +   j - +0 pair of boots "Lulit" {-Cast MR+ Int+5} (curse) Stlth ..........NoCast +
                                s - amulet "Otushras" {rElec Regen+}
HPRegen  0.67/turn              r - ring "Heecluzu" {rElec Int+4 Dex+3 Slay+3 Stlth-}
MPRegen  0.11/turn              q - ring of Conflict {rCorr MR+}

@: lethally poisoned (-12 -> -20), corroded
A: retaliatory headbutt, horns 2
}: 1/15 runes: decaying
a: Potion Petition, Call Merchant, Bribe Branch, Renounce Religion, Evoke Flight


You were in the Dungeon.
You worshipped Gozag.
Gozag was aware of your devotion.
You were hungry.

You visited 1 branch You collected 2686 gold pieces.
You spent 2279 gold pieces at shops.

Inventory:

Hand Weapons
 a - a +0 war axe (weapon)
Armour
 b - a +0 scale mail (worn)
 c - a +0 shield
 d - the +2 shield of the Skies Above (worn) {*Corrode Dex+3 Stlth+}
   (You bought it in a shop in the Dungeon)

   It affects your dexterity (+3).
   It may corrode you when you take damage.
   It makes you more stealthy.
 j - the cursed +0 pair of boots "Lulit" (worn) {-Cast MR+ Int+5}
   (You bought it in a shop in the Dungeon)

   It affects your intelligence (+5).
   It affects your resistance to hostile enchantments.
   It prevents spellcasting.
   It has a curse placed upon it.
 t - the +1 pair of boots "Ycaizav" {rPois rF+++ Dex-5 Slay+5}
   (You bought it in a shop in the Dungeon)

   It affects your dexterity (-5).
   It affects your accuracy and damage with ranged weapons and melee attacks
   (+5).
   It renders you almost immune to fire.
   It protects you from poison.
 u - the +1 pair of gloves of Jacinau (worn) {rC+}
   (You bought it in a shop in the Dungeon)

   It protects you from cold.
 v - the cursed +0 hat of Darkness (worn) {rElec rC- Str+2 Dex+2}
   (You bought it in a shop in the Dungeon)

   It affects your strength (+2).
   It affects your dexterity (+2).
   It makes you vulnerable to cold.
   It insulates you from electricity.
   It has a curse placed upon it.
 w - the cursed -2 cloak of the Grey Skies (worn) {+Fly rElec rC+}
   (You bought it in a shop in the Dungeon)

   It protects you from cold.
   It insulates you from electricity.
   It lets you fly.
   It has a curse placed upon it.
Jewellery
 p - the amulet of Beauty {Harm *Drain rC+}
   (You bought it in a shop in the Dungeon)

   [amulet of harm]

   It increases damage dealt and taken.
   It protects you from cold.
   It causes draining when unequipped.
 q - the ring of Conflict (right hand) {rCorr MR+}
   (You bought it in a shop in the Dungeon)

   [ring of resist corrosion]

   It affects your resistance to hostile enchantments.
 r - the ring "Heecluzu" (left hand) {rElec Int+4 Dex+3 Slay+3 Stlth-}
   (You bought it in a shop in the Dungeon)

   [ring of dexterity]

   It affects your intelligence (+4).
   It affects your dexterity (+3).
   It affects your accuracy and damage with ranged weapons and melee attacks
   (+3).
   It insulates you from electricity.
   It makes you less stealthy.
 s - the amulet "Otushras" (around neck) {rElec Regen+}
   (You bought it in a shop in the Dungeon)

   [amulet of regeneration]

   It insulates you from electricity.
   It increases your rate of regeneration.
Wands
 m - a wand of acid (5)
 n - a wand of iceblast (5)
Scrolls
 k - 4 scrolls of blinking
 o - 3 scrolls of fog
Potions
 e - a potion of curing
 h - 4 potions of haste
 i - 2 potions of magic
 l - 2 potions of resistance
Comestibles
 f - 3 rations


   Skills:
 - Level 15.7 Fighting
 - Level 16.2 Axes
 - Level 3.6 Armour
 + Level 16.9 Shields


You had 9 spell levels left.
You didn't know any spells.
Your spell library was empty.

Dungeon Overview and Level Annotations

Branches:
Dungeon (1/1)

Altars:
Cheibriados
Dithmenos
Fedhas
Gozag
Kikubaaqudgha
Makhleb
Okawaru
Qazlal
Ru
Sif Muna
Trog
Uskayaw
Vehumet
Wu Jian
Xom
Yredelemnul
Zin
The Shining One
Beogh
Jiyva
Lugonu

Shops:
D *[%??*?*:[((!!!!


Innate Abilities, Weirdness & Mutations

You reflexively headbutt those who attack you in melee.
You have a pair of horns on your head.


Message History

You hit the green ugly thing. You slash the white ugly thing!
The white ugly thing tail-slaps you!
* * * LOW HITPOINT WARNING * * *
The white ugly thing freezes you! You resist.
* * * LOW HITPOINT WARNING * * *
The green ugly thing engulfs you.
* * * LOW HITPOINT WARNING * * *
You are poisoned.
The green ugly thing poisons you!
You closely miss the white ugly thing. You headbutt the white ugly thing.
The white ugly thing is almost dead.
You slice the white ugly thing!! You barely miss the green ugly thing.
* * * LOW HITPOINT WARNING * * *
You feel sick.
The white ugly thing basks in the mutagenic energy from its kin and changes!
The white ugly thing tail-slaps you!
* * * LOW HITPOINT WARNING * * *
The white ugly thing freezes you! You resist.
You die...
Your body crumbles into a pile of gold.

##⌠⌠⌠## #.....# ##.....##
##∩.....∩## #∩.......∩#
#_......._# #_......._#
#_.....u._# ###.....@u..###
#⌠.......u...⌠#
######.8.........8)######
##∩.._......###..)....__∩##
###∩.......)8.# #.8........∩###
#.............###...).........##
⌠..........###...###..........⌠#
⌠..........# #.<.# #(.........⌠#
⌠..........###...###(.........⌠#


You could see 3 ugly things.

Vanquished Creatures
  A wizard (D)
  5 ugly things (D)
  A spiny frog (D)
  3 blink frogs (D)
  A bog body (D)
  A naga (D)
  3 water moccasins (D)
  3 necrophages (D)
  A big kobold (D)
  3 bullfrogs (D)
  An adder skeleton (D)
  2 ball pythons (D)
  A bat skeleton (D)
  2 goblins (D)
  A hobgoblin (D)
  A jackal zombie (D)
  2 kobolds (D)
32 creatures vanquished.

Notes
Turn   | Place    | Note
-------+----------+-------------------------------------------
     0 | D        | poirepourri the Minotaur Fighter began the quest for the Orb.
     0 | D        | Reached XP level 1. HP: 19/19 MP: 0/0
     3 | D        | Found an opulent altar of Gozag.
     3 | D        | Found a basalt altar of Yredelemnul.
     4 | D        | Found a shimmering altar of Xom.
     5 | D        | Found a roughly hewn altar of Beogh.
     5 | D        | Round 1.
     6 | D        | Found Wapnuut's Delicious Food.
     6 | D        | Found a sacrificial altar of Ru.
     6 | D        | Found an iron altar of Okawaru.
     6 | D        | Found a viscous altar of Jiyva.
     6 | D        | Found Ojish's Identification Station.
     7 | D        | Found Hagarein's Jewellery.
     7 | D        | Found Vohih's Advanced Armour.
    12 | D        | Became a worshipper of Gozag Ym Sagoz the Greedy
    17 | D        | Bought a coiled jade amulet for 45 gold pieces
    17 | D        | Bought a scintillating lead ring for 45 gold pieces
    17 | D        | Bought a shimmering tin ring for 45 gold pieces
    17 | D        | Identified the amulet of Beauty {Harm *Drain rC+} (You bought it in a shop in the Dungeon)
    18 | D        | Identified the ring "Heecluzu" {rElec Int+4 Dex+3 Slay+3 Stlth-} (You bought it in a shop in the Dungeon)
    19 | D        | Identified the ring of Conflict {rCorr MR+} (You bought it in a shop in the Dungeon)
    20 | D        | Bought a smoking emerald amulet for 45 gold pieces
    21 | D        | Identified the amulet "Otushras" {rElec Regen+} (You bought it in a shop in the Dungeon)
    35 | D        | Bought 2 rations for 40 gold pieces
    40 | D        | Found Cyesue's Magic Scroll Shop.
    42 | D        | Found a deep blue altar of Sif Muna.
    42 | D        | Found a burning altar of Makhleb.
    42 | D        | Found a snail-covered altar of Cheibriados.
    42 | D        | Found Futielu's Staff Store.
    43 | D        | Found Cipnuaf's Magic Scroll Shop.
    43 | D        | Found Otaeps's Must-Have Magic.
    48 | D        | Found a glowing golden altar of the Shining One.
    49 | D        | Found a shadowy altar of Dithmenos.
    50 | D        | Found Nigux's Distillery.
    51 | D        | Found Palyfit's Distillery.
    51 | D        | Found Difibak's Bottled Wisdom.
    51 | D        | Found a corrupted altar of Lugonu.
    51 | D        | Found a radiant altar of Vehumet.
    51 | D        | Found an ornate altar of the Wu Jian Council.
    51 | D        | Found Unah's Do-It-Yourself Clinic.
    55 | D        | Found a glowing silver altar of Zin.
    58 | D        | Found a bloodstained altar of Trog.
    59 | D        | Found a stormy altar of Qazlal.
    59 | D        | Found Xeasherch's Weapon Rack.
    60 | D        | Found Qadogeut's Basic Armour.
    60 | D        | Found Torixas's Miscellaneous Merchandise.
    61 | D        | Found an ancient bone altar of Kikubaaqudgha.
    61 | D        | Found a hide-covered altar of Uskayaw.
    61 | D        | Found a blossoming altar of Fedhas.
    61 | D        | Found Gioshe's Premium Goods.
    63 | D        | Noticed a necrophage
    71 | D        | Killed a necrophage
    71 | D        | Reached skill level 10 in Axes
    71 | D        | Reached XP level 2. HP: 25/25 MP: 1/1
    71 | D        | Reached XP level 3. HP: 30/30 MP: 2/2
    71 | D        | Reached XP level 4. HP: 38/38 MP: 3/3
    93 | D        | Noticed a necrophage
    98 | D        | Killed a necrophage
    98 | D        | Reached XP level 5. HP: 44/44 MP: 4/4
   119 | D        | Noticed a necrophage
   126 | D        | Killed a necrophage
   126 | D        | Arena points: 14 (+14) [x2]
   190 | D        | Round 2.
   200 | D        | Bought 4 potions of curing for 84 gold pieces
   250 | D        | Reached skill level 15 in Axes
   250 | D        | Reached XP level 6. HP: 51/51 MP: 5/5
   313 | D        | Arena points: 56 (+42) [x3]
   368 | D        | Round 3.
   371 | D        | Noticed a water moccasin
   382 | D        | Killed a water moccasin
   389 | D        | Noticed a water moccasin
   397 | D        | Killed a water moccasin
   397 | D        | Reached XP level 7. HP: 46/64 MP: 6/6
   497 | D        | Arena points: 140 (+84) [x4]
   497 | D        | Reached skill level 10 in Fighting
   512 | D        | Bought a pair of fine boots for 332 gold pieces
   512 | D        | Bought a pair of pitted gloves for 332 gold pieces
   512 | D        | Bought a brightly glowing hat for 315 gold pieces
   517 | D        | Identified the cursed +0 hat of Darkness {rElec rC- Str+2 Dex+2} (You bought it in a shop in the Dungeon)
   522 | D        | Identified the +1 pair of boots "Ycaizav" {rPois rF+++ Dex-5 Slay+5} (You bought it in a shop in the Dungeon)
   527 | D        | Identified the +1 pair of gloves of Jacinau {rC+} (You bought it in a shop in the Dungeon)
   546 | D        | Round 4.
   547 | D        | Noticed a blink frog
   562 | D        | Noticed a spiny frog
   565 | D        | Killed a blink frog
   567 | D        | Noticed a blink frog
   576 | D        | Killed a spiny frog
   576 | D        | Reached XP level 8. HP: 29/86 MP: 7/7
   581 | D        | Killed a blink frog
   600 | D        | Noticed a blink frog
   611 | D        | Killed a blink frog
   611 | D        | Reached skill level 15 in Fighting
   640 | D        | Arena points: 300 (+160) [x5]
   661 | D        | Bought a jewelled shield for 332 gold pieces
   671 | D        | Identified the +2 shield of the Skies Above {*Corrode Dex+3 Stlth+} (You bought it in a shop in the Dungeon)
   671 | D        | Bought a brightly glowing cloak for 332 gold pieces
   676 | D        | Identified the cursed -2 cloak of the Grey Skies {+Fly rElec rC+} (You bought it in a shop in the Dungeon)
   694 | D        | Round 5.
   695 | D        | Noticed a witch
   698 | D        | Noticed a bog body
   710 | D        | Killed a bog body
   724 | D        | Noticed a four-headed hydra
   729 | D        | Noticed a four-headed hydra
   732 | D        | Killed a witch
   732 | D        | Arena points: 580 (+280) [x7]
   732 | D        | Reached skill level 10 in Shields
   732 | D        | Reached XP level 9. HP: 44/100 MP: 8/8
   739 | D        | Got a decaying rune of Zot
   815 | D        | Reached XP level 10. HP: 105/107 MP: 9/9
   874 | D        | Bought a pair of translucent boots for 332 gold pieces
   879 | D        | Identified the cursed +0 pair of boots "Lulit" {-Cast MR+ Int+5} (You bought it in a shop in the Dungeon)
   905 | D        | Round 6.
   909 | D        | Noticed a cyan ugly thing
   920 | D        | Killed a cyan ugly thing
   976 | D        | Noticed a cyan ugly thing
   980 | D        | Noticed a brown ugly thing
   980 | D        | Noticed a cyan ugly thing
   988 | D        | Killed a brown ugly thing
   995 | D        | Killed a purple ugly thing
   995 | D        | Reached skill level 15 in Shields
  1000 | D        | Killed a cyan ugly thing
  1007 | D        | Noticed a cyan ugly thing
  1018 | D        | Killed a cyan ugly thing
  1030 | D        | Noticed a white ugly thing
  1032 | D        | Noticed a white ugly thing
  1034 | D        | Noticed a green ugly thing
  1042 | D        | HP: 2/107 [white ugly thing (8)]
  1042 | D        | Mangled by a white ugly thing

Skill      XL: |  1  2  3  4  5  6  7  8  9 10 |
---------------+-------------------------------+-----
Axes           | 10 12 15 16 | 16.2
Fighting       | 6 13 15 | 15.7
Shields        | 10 12 16 | 16.9
Armour         | |  3.6

Action                   |  1- 3 |  4- 6 |  7- 9 | 10-12 || total
-------------------------+-------+-------+-------+-------++-------
Melee: War axe           |     5 |    26 |    47 |    35 ||   113
       Headbutt          |     2 |     7 |    16 |    10 ||    35
Invok: Potion Petition   |       |       |     1 |       ||     1
  Use: Potion            |       |     1 |     6 |     4 ||    11
Armor: Scale mail        |     3 |     4 |    13 |     4 ||    24
Dodge: Dodged            |     3 |     6 |    13 |     3 ||    25
Block: Shield            |     1 |    11 |    21 |    18 ||    51
